 Dungeon Crawl Stone Soup version 0.26.0-41-g79a4fc7684 (webtiles) character file.

Game seed: 5313032160869566919

1600 kaeus the Cleaver (level 8, -5/106 HPs)
             Began as a Minotaur Berserker on Jan 26, 2021.
             Was an Elder of Trog.
             Slain by a troll (9 damage)
             ... on level 7 of the Dungeon.
             The game lasted 00:08:25 (7516 turns).

kaeus the Cleaver (Minotaur Berserker)              Turns: 7516, Time: 00:08:25

Health: -5/106     AC: 12    Str: 24    XL:     8   Next: 62%
Magic:  16/16      EV: 10    Int:  4    God:    Trog [****..]
Gold:   286        SH:  0    Dex: 10    Spells: 7/7 levels left

rFire    . . .     SeeInvis .   a - +1 hand axe
rCold    . . .     Faith    .   (no shield)
rNeg     . . .     Spirit   .   n - +0 chain mail
rPois    .         Reflect  .   (helmet restricted)
rElec    .         Harm     .   t - +0 cloak
rCorr    .         Rampage  .   q - +0 pair of gloves
Will     .....                  (no boots)
Stlth    ..........             (no amulet)
HPRegen  0.27/turn              x - ring of magical power
MPRegen  0.15/turn              (no ring)

@: berserking, very quick
A: retaliatory headbutt, horns 2
a: Renounce Religion, Berserk, Trog's Hand, Brothers in Arms


You were on level 7 of the Dungeon.
You worshipped Trog.
Trog was greatly pleased with you.
You visited 1 branch of the dungeon, and saw 8 of its levels.

You collected 286 gold pieces.

Inventory:

Hand Weapons
 a - a +1 hand axe (weapon)
Missiles
 d - 111 stones (quivered)
Armour
 n - a +0 chain mail (worn)
 q - a +0 pair of gloves (worn)
 t - a +0 cloak (worn)
Jewellery
 x - a ring of magical power (left hand)
 y - an uncursed amulet of regeneration
Wands
 r - a wand of disintegration (13)
 u - a wand of iceblast (9)
 z - a wand of flame (19)
 A - a wand of paralysis (11)
 C - a wand of acid (6)
Scrolls
 b - 2 scrolls of immolation
 f - 10 scrolls of identify
 h - a scroll of remove curse
 l - 2 scrolls of teleportation
 m - 4 scrolls of amnesia
 o - 2 scrolls of enchant weapon
 s - 2 scrolls of fog
Potions
 c - a potion of mutation {unknown}
 e - 2 potions of lignification {unknown}
 g - a potion of magic {unknown}
 i - 2 potions of resistance {unknown}
 j - 2 potions of degeneration {unknown}
 k - 2 potions of berserk rage {unknown}
 p - a potion of heal wounds {unknown}
 v - 2 potions of curing {unknown}
 w - 3 potions of flight {unknown}
 B - 2 potions of might {unknown}


   Skills:
 + Level 6.8 Fighting
 * Level 9.2 Axes
 + Level 6.2 Armour
 + Level 5.6 Dodging


You had 7 spell levels left.
You didn't know any spells.
Your spell library contained the following spells:

 Spells                   Type           Power        Failure   Level
 Shock                    Conj/Air       0%           98%         1
 Swiftness                Air            0%           99%         2
 Static Discharge         Conj/Air       0%           100%        3
 Airstrike                Air            0%           100%        4
 Lightning Bolt           Conj/Air       0%           100%        5


Dungeon Overview and Level Annotations

Branches:
Dungeon (8/15)             Temple (0/1) D:6
   Lair: D:8-11

Altars:
Kikubaaqudgha
Sif Muna
Trog
Wu Jian
Yredelemnul
Zin

Shops:
D:7 (

Annotations:
D:3 Blork the orc


Innate Abilities, Weirdness & Mutations

You reflexively headbutt those who attack you in melee.
You have a pair of horns on your head.


Message History

The troll claws you.
* * * LOW HITPOINT WARNING * * *
The troll claws you.
* * * LOW HITPOINT WARNING * * *
You take 9 damage, and have 14/71 hp.
A red film seems to cover your vision as you go berserk!
You feel yourself moving faster!
You feel mighty! The troll barely misses you. The troll claws you.
* * * LOW HITPOINT WARNING * * *
The troll claws you.
* * * LOW HITPOINT WARNING * * *
You now have 12/106 hp.
You closely miss the troll. Your headbutt misses the troll.
The troll is heavily wounded.
You slash the troll! Your headbutt misses the troll.
The troll is almost dead.
The troll bites you!
* * * LOW HITPOINT WARNING * * *
The troll claws you!
You die...

..#.........#.##.................
.##.####......##...........####..
......##.#.#.......##...........#
..#...............####.###.####..
..#..........####.#...>.....####.
......#.###...#...#..........# #.
...÷......#.#.#.###........#.###.
.......##........##........#.....
.###..#####[#...@..........###.#.
.###.## #.##.T##.........##..#.
..##.# #.##..#####.......#....
..##.### #.##..######.........#.
...#...## #.##...................
........###.##.#......[..........
<.....................)..........
.........##...........#........##
.........###.∩..#.#####........#


You could see a troll.

Vanquished Creatures
  Eustachio (D:4)
  An orc warrior (D:6)
  A phantom (D:4)
  4 bullfrogs
  A water moccasin zombie (D:7)
  A scorpion (D:5)
  A howler monkey (D:5)
  2 jellies
  7 orc wizards
  A centaur skeleton (D:4)
  Crazy Yiuf (D:7)
  A bullfrog skeleton (D:5)
  Ijyb (D:3)
  Terence (D:2)
  4 worker ants
  2 iguanas
  A hound skeleton (D:6)
  3 gnolls (D:6)
  A howler monkey skeleton (D:5)
  12 adders
  2 shadow imps
  An ooze (D:3)
  4 worms
  8 dart slugs
  4 leopard geckos
  16 orcs
  3 ball pythons
  7 bats
  6 giant cockroaches
  7 goblins
  11 hobgoblins
  5 jackals
  5 quokkas
  A ball python skeleton (D:4)
  7 frilled lizards
  A jackal zombie (D:5)
  10 kobolds
  A quokka skeleton (D:4)
  9 rats
155 creatures vanquished.

Vanquished Creatures (others)
  An orc wizard (D:6)
1 creature vanquished.

Grand Total: 156 creatures vanquished

Notes
Turn   | Place    | Note
-------+----------+-------------------------------------------
     0 | D:1      | kaeus the Minotaur Berserker began the quest for the Orb.
     0 | D:1      | Reached XP level 1. HP: 19/19 MP: 0/0
   178 | D:1      | Reached XP level 2. HP: 27/27 MP: 1/1
   205 | D:1      | Reached skill level 4 in Axes
   946 | D:2      | Reached XP level 3. HP: 33/33 MP: 2/2
  1052 | D:2      | Reached ** piety under Trog
  1070 | D:2      | Noticed Terence
  1093 | D:2      | Killed Terence
  1114 | D:2      | Reached XP level 4. HP: 14/40 MP: 3/3
  1454 | D:2      | Reached skill level 5 in Axes
  2592 | D:3      | Reached XP level 5. HP: 45/47 MP: 4/4
  2757 | D:3      | Noticed Ijyb
  2774 | D:3      | Killed Ijyb
  3006 | D:3      | Found an ancient bone altar of Kikubaaqudgha.
  3008 | D:3      | Found a glowing silver altar of Zin.
  3010 | D:3      | Found a basalt altar of Yredelemnul.
  3012 | D:3      | Found a bloodstained altar of Trog.
  3191 | D:3      | Noticed Blork the orc
  3226 | D:3      | Found a shimmering blue altar of Sif Muna.
  3963 | D:4      | Reached *** piety under Trog
  4103 | D:4      | Reached skill level 6 in Axes
  4103 | D:4      | Reached XP level 6. HP: 45/55 MP: 5/5
  4530 | D:4      | Reached skill level 5 in Fighting
  4717 | D:4      | Noticed Eustachio
  4747 | D:4      | Reached XP level 7. HP: 34/61 MP: 6/6
  4763 | D:4      | Killed Eustachio
  4764 | D:4      | Reached skill level 7 in Axes
  5005 | D:5      | Entered Level 5 of the Dungeon
  5192 | D:5      | Reached skill level 5 in Armour
  5520 | D:5      | Reached **** piety under Trog
  5834 | D:6      | Reached skill level 8 in Axes
  5834 | D:6      | Reached XP level 8. HP: 19/70 MP: 7/7
  5919 | D:7      | Reached skill level 5 in Dodging
  6265 | D:6      | Found a staircase to the Ecumenical Temple.
  6848 | D:6      | Found a bloodstained altar of Trog.
  7091 | D:7      | Found Xulad's Weapon Boutique.
  7105 | D:7      | Found a runed translucent door.
  7106 | D:7      | Noticed Crazy Yiuf
  7251 | D:7      | Reached skill level 9 in Axes
  7376 | D:7      | Found an ornate altar of the Wu Jian Council.
  7470 | D:7      | Killed Crazy Yiuf
  7499 | D:8      | Noticed a troll
  7516 | D:7      | HP: 4/106 [troll (8)]
  7516 | D:7      | Slain by a troll

Illustrated notes

Levels and vault maps discovered:
D:1:      nicolae_arrival_memento_mori, layout_rooms,
          chequers_serial_rivers_large_a, serial_park_tiny_1
D:2:      layout_loops_ring, uniq_terence
D:3:      kennysheep_slugbush, layout_loops_ring, minitemple, tgw_sif, uniq_ijyb
D:4:      layout_basic, minmay_misc_feat_columns, uniq_eustachio
D:5:      minmay_spotlight, layout_basic
D:6:      layout_basic, temple_fountains, basic_altar,
          minmay_misc_feat_more_columns
D:7:      layout_rooms, lemuel_doored_altar, serial_shops, shop,
          uniq_crazy_yiuf_cottage
D:8:      layout_loops_ring, erik_lair_island, tso_altar

Skill      XL: |  1  2  3  4  5  6  7  8 |
---------------+-------------------------+-----
Axes           | 4 5 6 8 9 |  9.2
Fighting       | 4 5 6 |  6.8
Armour         | 3 4 5 6 |  6.2
Dodging        | 3 4 5 |  5.6

Action                   |  1- 3 |  4- 6 |  7- 9 || total
-------------------------+-------+-------+-------++-------
Melee: Hand axe          |    71 |   188 |   158 ||   417
       Headbutt          |     6 |    33 |    35 ||    74
Throw: Stone             |    77 |   236 |   105 ||   418
Invok: Berserk           |     1 |       |     3 ||     4
       Trog's Hand       |     1 |       |     1 ||     2
  Use: Scroll            |       |       |    10 ||    10
Armor: Animal skin       |    10 |       |       ||    10
       Chain mail        |    30 |    94 |    57 ||   181
Dodge: Dodged            |    44 |   101 |    64 ||   209
